 Dungeon Crawl Stone Soup version 0.28.0-43-g3370ac3207 (webtiles) character file.

Game seed: 7949075358521535657

42 pkoi the Ruffian (level 3, -3/36 HPs)
             Began as a Troll Monk on Mar 24, 2022.
             Slain by Sigmund
             ... wielding a +0 scythe
              (10 damage)
             ... on level 2 of the Dungeon.
             The game lasted 00:00:53 (738 turns).

pkoi the Ruffian (Troll Monk)                        Turns: 738, Time: 00:00:53

Health: -3/36      AC:  4    Str: 21    XL:     3   Next: 35%
Magic:  2/2        EV: 10    Int:  6    God:
Gold:   41         SH:  0    Dex: 12    Spells: 2/2 levels left

rFire   . . .      SeeInvis .     - Unarmed
rCold   . . .      Faith    .   (no shield)
rNeg    . . .      Spirit   .   a - +0 robe
rPois   .          Reflect  .   (helmet restricted)
rElec   .          Harm     .   (no cloak)
rCorr   .          Rampage  .   (gloves unavailable)
Will    .....                   (boots unavailable)
Stlth   ++........              (no amulet)
HPRegen 0.92/turn               (no ring)
MPRegen 0.08/turn               (no ring)

@: no status effects
A: large, unfitting armour, claws 3, regeneration 1, shaggy fur 1, tough skin 1
a: no special abilities


You were on level 2 of the Dungeon.
You visited 1 branch of the dungeon, and saw 2 of its levels.

You collected 41 gold pieces.

Inventory:

Missiles
 e - 4 poisoned darts (quivered)
Armour
 a - a +0 robe (worn)
Scrolls
 d - a scroll of identify {unknown}
Potions
 b - 2 potions of heal wounds {unknown}
 c - a potion of might


   Skills:
 - Level 2.4 Fighting
 - Level 2.4 Dodging
 - Level 1.0 Stealth
 + Level 4.5 Unarmed Combat


You had 2 spell levels left.
You didn't know any spells.
Your spell library contained the following spells:

 Spells                   Type           Power      Damage    Failure   Level
 Foxfire                  Conj/Fire      0%         2x1d4     45%         1


Dungeon Overview and Level Annotations

Branches:
Dungeon (2/15)

Altars:

Annotations:
D:2 Sigmund


Innate Abilities, Weirdness & Mutations

You are too large for most types of armour.
You have claws for hands.
Your natural rate of healing is unusually fast.
You are covered in fur. (AC +1)
You have tough skin. (AC +1)


Message History

You see here 4 boomerangs.
You barely miss Sigmund. Sigmund casts a spell at you. The magic dart hits you!
You are too injured to fight recklessly!
You are too injured to fight recklessly!
You are too injured to fight recklessly!
You are too injured to fight recklessly!
You are too injured to fight recklessly!
You are too injured to fight recklessly!
You are too injured to fight recklessly!
You are too injured to fight recklessly!
You are too injured to fight recklessly!
You are too injured to fight recklessly!
You are too injured to fight recklessly!
You are too injured to fight recklessly!
You are too injured to fight recklessly!
You are too injured to fight recklessly!
You are too injured to fight recklessly!
You are too injured to fight recklessly!
You are too injured to fight recklessly!
You scratch Sigmund.
Sigmund is lightly wounded.
Sigmund hits you with a +0 scythe.
* * * LOW HITPOINT WARNING * * *
You scratch Sigmund but do no damage.
Sigmund is lightly wounded.
You claw Sigmund!
Sigmund is moderately wounded.
Sigmund gestures wildly while chanting.
Sigmund flickers and vanishes!
Deactivating autopickup; reactivate with Ctrl-A.
You miss something. Something hits you!
* * * LOW HITPOINT WARNING * * *
You claw something! Something hits you!
* * * LOW HITPOINT WARNING * * *
You miss something.
Unknown command.
Something hits you!
You die...

#..#..#.####.#
#.# #.........#
#.#
#....#########.#
#....##........#
###..##.########
###..##.#
#.......#
#.####..#
......#@.#
#.##.##.#..#
........(..#
.##.##.##.# ...
..# #..#. ###
#..#. #. #. # #.


There were no monsters in sight!

Vanquished Creatures
  2 adders (D:2)
  A dart slug (D:1)
  2 ball pythons
  2 bats (D:1)
  An endoplasm (D:1)
  2 giant cockroaches
  3 hobgoblins
  2 quokkas (D:1)
  A frilled lizard (D:1)
  2 goblins
  3 rats (D:1)
21 creatures vanquished.

Vanquished Creatures (others)
  A plant (D:1)
1 creature vanquished.

Grand Total: 22 creatures vanquished

Notes
Turn   | Place    | Note
-------+----------+-------------------------------------------
     0 | D:1      | pkoi the Troll Monk began the quest for the Orb.
     0 | D:1      | Reached XP level 1. HP: 22/22 MP: 0/0
    12 | D:1      | Found a faded altar of an unknown god.
    29 | D:1      | Got Plato's Reference Book on Arcane Weapons
   172 | D:1      | Reached XP level 2. HP: 25/29 MP: 1/1
   606 | D:2      | Reached skill level 4 in Unarmed Combat
   606 | D:2      | Reached XP level 3. HP: 36/36 MP: 2/2
   728 | D:2      | Noticed Sigmund
   738 | D:2      | Slain by Sigmund

Illustrated notes

Levels and vault maps discovered:
D:1:      amcnicky_arrival_single_pillar, layout_rooms,
          shapermc_ecumenical_altar_rom_forum, patterned_corridor
D:2:      layout_basic, basic_altar, uniq_sigmund

Skill      XL: |  1  2 |
---------------+-------+-----
Unarmed Combat | 4 |  4.5
Fighting       | |  2.4
Dodging        | |  2.4
Stealth        | |  1.0

Action                   || total
-------------------------++-------
Melee: Unarmed           ||    69
       Punch             ||     1
 Stab: Sleeping          ||     2
Armor: Robe              ||    18
Dodge: Dodged            ||    18
